AoeStats
← Enchiskan

Yucatan

511647863Analyzed
3v3 RM · 15d ago on Oct 6, 2026· 50m 48s· 6 players
Game mode
Random Map
Map size
Normal (6 player)
Population
200
Speed
Normal
Resources
Standard
Victory
Conquest
Starting age
Dark Age
Ending age
Imperial Age
RankedLock teamsTeams togetherTeam positionsShared explorationLock speedFull tech treeHidden civsTurbo modeCheats
Victory
Defeat
🇦🇷 Goths · Argentina
1196
+11
🇵🇪 Persians · Peru
1164
+12
🇨🇴 Mapuche · Colombia
1144
+13
vs
🇨🇴 Bohemians · Colombia
1098
-12
🇨🇴 Malians · Colombia
1078
-12
🇨🇴 Byzantines · Colombia
1067
-12
Magicnet
1:41 Loom
20:21 Feudal Age
22:14 Town Watch
23:28 Double-Bit Axe
30:40 Stone Mining
30:43 Gold Mining
32:59 Castle Age
31:53 Scale Barding Armor
33:30 Husbandry
33:53 Chain Barding Armor
34:02 Bloodlines
34:04 Forging
34:20 Bloodlines
35:58 Horse Collar
43:57 Imperial Age
42:29 Heavy Plow
43:32 Cavalier
44:55 Iron Casting
46:33 Plate Barding Armor
50:33 Conscription
[TuKn] Near
11:23 Feudal Age
10:14 Loom
15:10 Castle Age
13:55 Double-Bit Axe
14:05 Stone Mining
18:00 Scale Mail Armor
18:11 Forging
19:43 Horse Collar
23:17 Chain Mail Armor
24:00 Town Watch
25:46 Gold Mining
26:17 Squires
29:34 Anarchy
31:14 Heavy Plow
31:55 Wheelbarrow
34:35 Iron Casting
33:54 Fletching
37:14 Hand Cart
37:19 Bow Saw
42:09 Imperial Age
42:10 Town Patrol
42:08 Bodkin Arrow
42:39 Elite Huskarl
43:50 Conscription
44:43 Ballistics
44:22 Murder Holes
44:42 Bracer
45:47 Blast Furnace
47:27 Chemistry
49:59 Pikeman
MALTA CON CANELITA
6:37 Loom
9:28 Feudal Age
9:37 Champi Runner
10:57 Forging
13:33 Scale Mail Armor
19:40 Wheelbarrow
19:30 Horse Collar
21:01 Double-Bit Axe
27:12 Castle Age
27:16 Champi Warrior
29:48 Iron Casting
30:52 Chain Mail Armor
34:10 Pikeman
36:05 Hand Cart
42:07 Heavy Plow
42:25 Bow Saw
43:24 Elite Skirmisher
43:58 Fletching
44:08 Padded Archer Armor
45:26 Ballistics
48:17 Imperial Age
47:23 Bodkin Arrow
47:43 Leather Archer Armor
47:45 Town Watch
48:19 Gold Mining
48:54 Town Patrol
48:20 Elite Champi Warrior
50:08 Blast Furnace
49:55 Crop Rotation
50:05 Gold Shaft Mining
50:01 Conscription
50:47 Malon
juandicemo
5:50 Loom
13:35 Feudal Age
16:37 Double-Bit Axe
19:33 Castle Age
17:58 Gold Mining
18:57 Man-at-Arms
19:50 Forging
19:40 Scale Mail Armor
21:36 Iron Casting
21:12 Long Swordsman
27:09 Chain Mail Armor
40:46 Horse Collar
44:23 Squires
44:08 Arson
45:08 Wheelbarrow
44:19 Town Watch
Enchiskan
7:17 Loom
9:46 Feudal Age
10:43 Double-Bit Axe
17:10 Forging
19:49 Scale Barding Armor
28:35 Castle Age
27:48 Fletching
30:20 Bow Saw
30:47 Gold Mining
30:48 Stone Mining
32:20 Iron Casting
39:29 Horse Collar
40:21 Heavy Plow
41:48 Wheelbarrow
42:23 Bodkin Arrow
49:30 Murder Holes
49:57 Ballistics
jeibanez
4:11 Loom
15:43 Feudal Age
16:44 Double-Bit Axe
17:06 Man-at-Arms
17:58 Horse Collar
22:34 Castle Age
22:46 Forging
22:37 Scale Mail Armor
22:38 Long Swordsman
25:35 Iron Casting
24:52 Fletching
33:32 Bow Saw
36:09 Wagenburg Tactics
Connection lost

Rejoining the realm…

Still unreachable

The connection could not be restored.

Session expired

The server has moved on; the page needs a fresh start.